 Dungeon Crawl Stone Soup version 0.18.1-48-g4cf74bf (webtiles) character file.

808 Joat the Insei (level 7, -1/50 HPs)
             Began as an Octopode Monk on Aug 6, 2016.
             Slain by a scorpion (9 damage)
             ... on level 4 of the Dungeon.
             The game lasted 00:22:42 (3553 turns).

Joat the Insei (Octopode Monk)                      Turns: 3553, Time: 00:22:43

Health: -1/50      AC:  1    Str: 10    XL:     7   Next: 92%
Magic:  7/7        EV: 16    Int: 15    God:
Gold:   17         SH:  0    Dex: 14    Spells: 0 memorised, 6 levels left

rFire  . . .     SeeInvis .       - Unarmed
rCold  . . .     Gourm    .     (no shield)
rNeg   . . .     Faith    .     (helmet restricted)
rPois  .         Spirit   .     (no amulet)
rElec  .         Dismiss  .     c - +1 ring of evasion
rCorr  .         Reflect  .     (no ring)
SustAt .         Harm     .     (no ring)
MR     .....                    (no ring)
Stlth  ++++......               (no ring)
                                (no ring)
                                (no ring)
                                (no ring)

@: not resistant to hostile enchantments, stealthy
A: almost no armour, amphibious, 8 rings, constrict 8, camouflage 1, gelatinous
body 1
a: no special abilities


You were on level 4 of the Dungeon.
You were not hungry.

You visited 1 branch of the dungeon, and saw 4 of its levels.

You collected 138 gold pieces.
You spent 121 gold pieces at shops.

Inventory:

Hand Weapons
 h - a +3 dagger of venom
 j - a +0 hunting sling of flaming
 u - a +0 trident of venom
Missiles
 l - 83 stones (quivered)
 A - 18 sling bullets
 C - a throwing net
Jewellery
 c - a +1 ring of evasion (left tentacle)
Wands
 w - a wand of iceblast (10/15)
 x - a wand of polymorph (3/24)
 y - a wand of flame (12/48)
Scrolls
 d - a scroll of random uselessness {unknown}
 k - 3 scrolls of enchant armour {unknown}
 o - a scroll of torment {unknown}
 r - 4 scrolls of identify {unknown}
 s - a scroll of fear {unknown}
 v - a scroll of fog {unknown}
 B - a scroll of recharging {unknown}
Potions
 b - a potion of cure mutation {unknown}
 e - a potion of curing {unknown}
 g - 2 potions of lignification {unknown}
 i - a potion of resistance {unknown}
 m - a potion of might {unknown}
 q - a potion of agility {unknown}
 z - a potion of flight {unknown}
 D - a potion of heal wounds
Comestibles
 a - a bread ration
 f - 2 beef jerkies
 n - 3 fruits
 p - a meat ration
 t - a chunk of flesh
 E - a royal jelly


   Skills:
 * Level 5.5 Fighting
 * Level 5.6 Dodging
 + Level 3.8 Stealth
 * Level 6.4 Unarmed Combat


You had 6 spell levels left.
You didn't know any spells.

Dungeon Overview and Level Annotations

Branches:
Dungeon (4/15)             Temple (0/1) D:4

Altars:
Makhleb

Shops:
D:4 !


Innate Abilities, Weirdness & Mutations

You cannot wear most types of armour.
You are amphibious.
You can wear up to eight rings at the same time.
You can use your tentacles to constrict eight enemies at once.
Your skin changes colour to match your surroundings (Stealth).
Your rubbery body absorbs attacks (AC +1).


Message History

You found a web!
The scorpion misses you.
You tentacle-slap the scorpion but do no damage.
You grab the scorpion.
You squeeze the scorpion, but do no damage.
You constrict the scorpion, but do no damage.
You tentacle-slap the scorpion.
The scorpion is moderately wounded.
You constrict the scorpion, but do no damage.
The scorpion stings you!
* * * LOW HITPOINT WARNING * * *
You tentacle-slap the scorpion.
The scorpion is severely wounded.
You constrict the scorpion. The scorpion stings you.
* * * LOW HITPOINT WARNING * * *
You tentacle-slap the scorpion but do no damage.
You squeeze the scorpion, but do no damage.
The scorpion is severely wounded.
You constrict the scorpion, but do no damage.
The scorpion stings you!
You die...

......
##?...8
#......
#.....8
#...... ###
####.....8
## #.#
###..#...#..
#PP#.##
#.†#.....##.
#^s@.#
#.####...##.
####.# ##÷#
#...##.
#.###.##
#...##. ###
##.##†#
#...'..
#)P.#††.†##
#...##.
#...#.†P##
#...##.
#...P†PP#
#.####.
###....##
#.# #.
#......)# #+
##


You could see a scorpion.

Vanquished Creatures
  Grinder (D:3)
  6 scorpions (D:4)
  A hound (D:4)
  An orc wizard (D:3)
  2 orc priests (D:4)
  4 gnolls (D:3)
  7 adders
  3 worms
  4 dart slugs
  4 giant geckos
  4 orcs
  16 bats
  2 giant cockroaches
  8 goblins
  8 hobgoblins
  9 jackals
  4 quokkas
  2 ball pythons (D:1)
  A giant newt (D:2)
  7 kobolds
  12 rats
106 creatures vanquished.

Notes
Turn   | Place    | Note
--------------------------------------------------------------
     0 | D:1      | Joat the Octopode Monk began the quest for the Orb.
     0 | D:1      | Reached XP level 1. HP: 16/16 MP: 1/1
    42 | D:1      | Reached XP level 2. HP: 19/21 MP: 2/2
   695 | D:2      | Reached XP level 3. HP: 26/26 MP: 3/3
  1074 | D:2      | Reached XP level 4. HP: 31/31 MP: 4/4
  1574 | D:2      | Reached skill level 5 in Unarmed Combat
  1984 | D:3      | Reached XP level 5. HP: 18/37 MP: 5/5
  2445 | D:3      | Found a burning altar of Makhleb.
  2468 | D:3      | Noticed Grinder
  2476 | D:3      | Paralysed by Grinder for 6 turns
  2491 | D:3      | Killed Grinder
  2491 | D:3      | Reached XP level 6. HP: 32/44 MP: 6/6
  3083 | D:4      | Found Camucob's Distillery.
  3097 | D:4      | Reached skill level 5 in Dodging
  3097 | D:4      | Reached XP level 7. HP: 27/49 MP: 7/7
  3108 | D:4      | Bought a potion of heal wounds for 55 gold pieces
  3108 | D:4      | Bought a potion of heal wounds for 55 gold pieces
  3108 | D:4      | Bought a potion of degeneration for 11 gold pieces
  3275 | D:4      | Reached skill level 5 in Fighting
  3347 | D:4      | Found a staircase to the Ecumenical Temple.
  3372 | D:4      | Reached skill level 6 in Unarmed Combat
  3553 | D:4      | Slain by a scorpion

Skill      XL: |  1  2  3  4  5  6  7 |
---------------+----------------------+-----
Unarmed Combat | 5 6 |  6.4
Dodging        | 4 5 |  5.6
Fighting       | 4 5 |  5.5
Stealth        | 3 |  3.8

Action                   |  1- 3 |  4- 6 |  7- 9 || total
-------------------------+-------+-------+-------++-------
Melee: Unarmed           |    37 |    35 |    65 ||   137
       Constrict         |    15 |    25 |    13 ||    53
       Tentacles         |     4 |    22 |    14 ||    40
       Dagger            |    14 |    54 |       ||    68
       Trident           |       |     1 |       ||     1
       Punch             |       |     1 |     3 ||     4
 Fire: Hunting sling     |    12 |    25 |       ||    37
  Use: Potion            |       |       |     1 ||     1
 Stab: Sleeping          |     5 |    15 |     2 ||    22
  Eat: Chunk             |       |     7 |     1 ||     8
Armor: Skin              |     5 |     3 |     4 ||    12
Dodge: Dodged            |    35 |    62 |    36 ||   133
